 Dungeon Crawl Stone Soup version 0.29.1-13-g9f3cf754e1 (webtiles) character file.

Game seed: 5386968143427070627

9867 ANNNA the Thaumaturge (level 11, 0/57 HPs)
             Began as a Deep Elf Earth Elementalist on Jan 12, 2023.
             Was a Believer of Sif Muna.
             Slain by a centaur warrior zombie (2 damage)
             ... on level 11 of the Dungeon on Jan 24, 2023.
             The game lasted 01:55:09 (14253 turns).

ANNNA the Thaumaturge (DEEE)                       Turns: 14253, Time: 01:55:09

Health: 0/57       AC:  9    Str: 15    XL:     11   Next: 28%
Magic:  18/31      EV: 13    Int: 21    God:    Sif Muna [**....]
Gold:   447        SH:  0    Dex: 15    Spells: 24/38 levels left

rFire   . . .      SeeInvis +   W - +1 falchion (elec)
rCold   . . .      Faith    .   (no shield)
rNeg    . . .      Spirit   .   e - +0 acid dragon scales
rPois   .          Reflect  .   F - +0 helmet
rElec   .          Harm     .   V - +0 cloak
rCorr   +          Rampage  .   E - +0 pair of gloves
Will    +....                   (no boots)
Stlth   ++........              J - amulet of the acrobat
HPRegen 0.19/turn               y - ring of see invisible
MPRegen 0.22/turn               B - +6 ring of strength

@: no status effects
A: no striking features
a: Renounce Religion, Channel Magic


You were on level 11 of the Dungeon.
You worshipped Sif Muna.
Sif Muna was pleased with you.
You visited 2 branches of the dungeon, and saw 12 of its levels.

You collected 749 gold pieces.
You spent 302 gold pieces at shops.

Inventory:

Hand Weapons
 W - a +1 falchion of electrocution (weapon)
Missiles
 h - 64 stones
 m - 5 javelins
 O - 12 poisoned darts
 Q - 2 throwing nets
Armour
 e - +0 acid dragon scales (worn)
 f - a scarf of repulsion
 E - a +0 pair of gloves (worn)
 F - a +0 helmet (worn)
 P - a +2 leather armour of poison resistance
 U - a +0 troll leather armour
 V - a +0 cloak (worn)
Jewellery
 c - a +6 ring of dexterity
 y - a ring of see invisible (left hand)
 B - a +6 ring of strength (right hand)
 D - a +6 ring of dexterity
 I - a ring of protection from fire
 J - an amulet of the acrobat (around neck)
Wands
 p - a wand of acid (2)
 z - a wand of polymorph (5)
 G - a wand of paralysis (14)
Scrolls
 a - a scroll of enchant armour {unknown}
 d - a scroll of brand weapon {unknown}
 k - a scroll of silence {unknown}
 l - 5 scrolls of identify
 o - 2 scrolls of fog {unknown}
 s - 5 scrolls of teleportation
 v - 3 scrolls of poison
 w - 2 scrolls of enchant weapon {unknown}
 x - a scroll of amnesia {unknown}
 C - a scroll of magic mapping {unknown}
 K - 5 scrolls of noise {unknown}
 L - 2 scrolls of vulnerability {unknown}
 M - a scroll of blinking {unknown}
 R - a scroll of fear
Potions
 b - 4 potions of magic
 g - a potion of curing
 i - a potion of heal wounds
 j - a potion of berserk rage {unknown}
 n - 2 potions of might
 q - 6 potions of lignification
 r - 4 potions of attraction
 t - a potion of resistance {unknown}
 u - a potion of ambrosia {unknown}
 A - a potion of haste
 H - a potion of cancellation {unknown}
 N - 2 potions of brilliance
 S - a potion of flight {unknown}
Miscellaneous
 T - a phantom mirror


   Skills:
 + Level 2.0 Fighting
 + Level 1.1 Short Blades
 + Level 3.7 Throwing
 + Level 2.1 Armour
 + Level 4.7 Dodging
 + Level 4.2 Stealth
 + Level 14.3 Spellcasting
 + Level 5.7 Conjurations
 + Level 3.1 Transmutations
 + Level 11.5 Earth Magic
 + Level 2.3 Evocations


You had 24 spell levels left.
You knew the following spells:

 Your Spells              Type           Power      Damage    Failure   Level
a - Sandblast             Erth           100%       2d20      1%          1
b - Passwall              Tmut/Erth      37%        N/A       1%          2
c - Stone Arrow           Conj/Erth      100%       3d13      1%          3
d - Petrify               Tmut/Erth      45%        N/A       2%          4
e - Leda's Liquefaction   Hex/Erth       19%        N/A       5%          4

Your spell library contained the following spells:

 Spells                   Type           Power      Damage    Failure   Level
 Slow                     Hex            60%        N/A       6%          1
 Sublimation of Blood     Necr           15%        N/A       9%          2
 Borgnjor's Vile Clutch   Necr/Erth      19%        N/A       14%         5
 Call Canine Familiar     Summ           15%        N/A       17%         3
 Confusing Touch          Hex            15%        N/A       17%         3
 Portal Projectile        Hex/Tloc       30%        N/A       17%         3
 Vampiric Draining        Necr           15%        2d7       17%         3
 Irradiate                Conj/Tmut      16%        3d17      26%         5
 Animate Dead             Necr           15%        N/A       50%         4
 Death Channel            Necr           7%         N/A       100%        6


Dungeon Overview and Level Annotations

Branches:
Dungeon (11/15)            Temple (1/1) D:6
   Lair: D:8-11         Orc: D:9-12

Altars:
Ashenzari
Cheibriados
Dithmenos
Elyvilon
Fedhas
Gozag
Hepliaklqana
Kikubaaqudgha
Makhleb
Nemelex Xobeh
Okawaru
Qazlal
Ru
Sif Muna
Trog
Uskayaw
Vehumet
Wu Jian
Xom
Yredelemnul
Zin
The Shining One

Shops:
D:4 :   D:6 ?   D:10 !

Annotations:
D:2 Terence
D:3 1 runed translucent door, Crazy Yiuf


Message History

The centaur warrior zombie kicks you but does no damage.
The vampire hits you.
* * * LOW HITPOINT WARNING * * *
The vampire closely misses you.
Casting: Sandblast (safe; 1% risk of failure)
Confirm with . or Enter, or press ? or * to list all spells.
Aiming: Stone Arrow (safe; 1% risk of failure)
Press: ? - help, Shift-Dir - straight line, f/p - vampire
Aim: a vampire (heavily damaged, slightly transparent, 78% to hit)
The stone arrow hits the vampire!!
You destroy the vampire!
Sif Muna accepts your kill.
The centaur warrior zombie closely misses you.
The centaur warrior zombie barely misses you.
The centaur warrior zombie completely misses you. x2
Casting: Stone Arrow (safe; 1% risk of failure)
Confirm with . or Enter, or press ? or * to list all spells.
Aiming: Sandblast (safe; 1% risk of failure)
Press: ? - help, Shift-Dir - straight line, f - centaur warrior zombie
Aim: a centaur warrior zombie (99% to hit)
The blast of sand hits the centaur warrior zombie!!
The centaur warrior zombie is moderately damaged.
The centaur warrior zombie closely misses you.
The centaur warrior zombie kicks you but does no damage.
The centaur warrior zombie attacks as you move away!
The centaur warrior zombie misses you.
The centaur warrior zombie kicks you but does no damage.
The centaur warrior zombie closely misses you.
The centaur warrior zombie completely misses you.
Casting: Sandblast (safe; 1% risk of failure)
Confirm with . or Enter, or press ? or * to list all spells.
Aiming: Sandblast (safe; 1% risk of failure)
Press: ? - help, Shift-Dir - straight line, f/p - centaur warrior zombie
Aim: a centaur warrior zombie (moderately damaged, 99% to hit)
The blast of sand hits the centaur warrior zombie!
The centaur warrior zombie is moderately damaged.
The centaur warrior zombie hits you!
* * * LOW HITPOINT WARNING * * *
The centaur warrior zombie kicks you.
You die...

##........#
#.........#
#.........#
#.....<...##.
#............#
#..........##.
##........##
#....Z....#
#....@....#
#.........#
#..........#
#....>......#
##..........#
##(........#
#####.....#
.....#


You could see a centaur warrior zombie.

Vanquished Creatures
  3 two-headed ogres
  A tengu warrior (D:10)
  A manticore (D:10)
  Joseph (D:9)
  Maggie (D:8)
  Psyche (D:10)
  An unseen horror (D:8)
  2 trolls (D:10)
  Prince Ribbit (D:8)
  A shadow (D:9)
  A vampire (D:11)
  12 yaks
  A wraith (D:9)
  A wyvern (D:6)
  A steam dragon (D:9)
  Menkaure (D:7)
  A water moccasin (D:8)
  4 orc warriors
  2 sky beasts
  3 black bears
  An ogre (D:7)
  2 centaurs
  2 phantoms (D:5)
  3 bullfrogs
  2 kobold brigands
  A gnoll sergeant (D:9)
  3 scorpions (D:5)
  A howler monkey (D:7)
  2 hounds
  3 gnoll boudas
  2 jellies (D:8)
  2 orc priests (D:7)
  Jessica (D:2)
  An iguana (D:6)
  Natasha (thrice) (D:3)
  7 orc wizards
  Robin (D:2)
  19 gnolls
  6 adders
  A shadow imp (D:7)
  An ufetubus (D:6)
  5 worms
  2 dart slugs
  22 orcs
  8 endoplasms
  2 giant cockroaches
  12 goblins
  7 hobgoblins
  3 jackals (D:5)
  17 kobolds
  3 quokkas
  4 ball pythons
  4 bats
  5 frilled lizards
  7 rats
205 creatures vanquished.

Notes
Turn   | Place    | Note
-------+----------+-------------------------------------------
     0 | D:1      | ANNNA the Deep Elf Earth Elementalist began the quest for
                  | the Orb.
     0 | D:1      | Reached XP level 1. HP: 10/10 MP: 6/6
   160 | D:1      | Found a faded altar of an unknown god.
   287 | D:1      | Reached XP level 2. HP: 15/15 MP: 8/8
   294 | D:1      | Learned a level 2 spell: Passwall
   753 | D:1      | Reached XP level 3. HP: 19/19 MP: 3/9
   757 | D:1      | Learned a level 3 spell: Stone Arrow
  1286 | D:2      | Noticed Terence
  1627 | D:2      | Reached skill level 4 in Spellcasting
  1796 | D:2      | Noticed Jessica
  1811 | D:2      | Killed Jessica
  1812 | D:2      | Reached XP level 4. HP: 24/24 MP: 7/12
  1880 | D:2      | Noticed Robin
  1899 | D:2      | Killed Robin
  2192 | D:2      | Reached skill level 5 in Spellcasting
  2489 | D:3      | Reached XP level 5. HP: 28/28 MP: 10/14
  3021 | D:3      | Noticed Natasha
  3027 | D:3      | Killed Natasha
  3073 | D:3      | Upgraded the game from 0.29.1-12-g30fa7ad0bf to
                  | 0.29.1-13-g9f3cf754e1
  3219 | D:3      | Noticed Natasha
  3228 | D:3      | Killed Natasha
  3537 | D:3      | Noticed Natasha
  3540 | D:3      | Killed Natasha
  3541 | D:3      | Reached skill level 6 in Spellcasting
  3877 | D:3      | Reached skill level 5 in Earth Magic
  3937 | D:3      | Found a runed translucent door.
  3938 | D:3      | Noticed Crazy Yiuf
  4283 | D:4      | Reached XP level 6. HP: 32/32 MP: 15/17
  4289 | D:4      | Learned a level 4 spell: Petrify
  4443 | D:4      | Found Ischalai's Book Boutique.
  5153 | D:5      | Entered Level 5 of the Dungeon
  5566 | D:4      | HP: 1/32 [something (3)]
  5816 | D:5      | Reached skill level 7 in Spellcasting
  6114 | D:5      | Reached XP level 7. HP: 36/36 MP: 14/20
  6204 | D:5      | Reached skill level 1 in Fighting
  6614 | D:5      | Reached skill level 8 in Spellcasting
  6885 | D:6      | Noticed a wyvern
  6957 | D:6      | Found Biupar's Magic Scroll Emporium.
  6973 | D:6      | Bought a scroll of identify for 26 gold pieces
  6973 | D:6      | Bought a scroll of identify for 26 gold pieces
  6973 | D:6      | Bought a scroll of identify for 26 gold pieces
  7017 | D:6      | Reached skill level 1 in Short Blades
  7092 | D:6      | Killed a wyvern
  7093 | D:6      | Reached XP level 8. HP: 43/43 MP: 17/22
  7100 | D:6      | Reached skill level 1 in Conjurations
  7101 | D:6      | Found a staircase to the Ecumenical Temple.
  7112 | Temple   | Entered the Ecumenical Temple
  7262 | Temple   | Became a worshipper of Sif Muna the Loreminder
  7595 | D:6      | Reached skill level 1 in Evocations
  7835 | D:6      | Reached skill level 9 in Spellcasting
  8225 | D:7      | Noticed Menkaure
  8231 | D:7      | Killed Menkaure
  8262 | D:7      | Found a burning altar of Makhleb.
  8262 | D:7      | Noticed a balrug
  8516 | D:7      | Reached * piety under Sif Muna
  8748 | D:7      | Reached skill level 10 in Spellcasting
  8824 | D:7      | Reached XP level 9. HP: 48/48 MP: 21/25
  9335 | D:8      | Noticed Prince Ribbit
  9339 | D:8      | Killed Prince Ribbit
  9479 | D:8      | Noticed a two-headed ogre
  9807 | D:8      | Noticed Maggie
  9819 | D:8      | Killed Maggie
  9820 | D:8      | Reached skill level 11 in Spellcasting
 10260 | D:8      | Noticed an unseen horror
 10402 | D:8      | Killed an unseen horror
 10773 | D:9      | Noticed Joseph
 10808 | D:9      | Killed Joseph
 10809 | D:9      | Reached skill level 1 in Throwing
 11021 | D:9      | Reached skill level 12 in Spellcasting
 11065 | D:9      | Reached XP level 10. HP: 53/53 MP: 22/28
 11488 | D:9      | Reached ** piety under Sif Muna
 11515 | D:9      | Noticed a two-headed ogre
 11541 | D:9      | Killed a two-headed ogre
 11542 | D:9      | Reached skill level 1 in Armour
 11542 | D:9      | Reached skill level 5 in Conjurations
 11542 | D:9      | Reached skill level 10 in Earth Magic
 11700 | D:9      | Reached skill level 13 in Spellcasting
 12269 | D:10     | Entered Level 10 of the Dungeon
 12328 | D:10     | Noticed a two-headed ogre
 12853 | D:10     | Noticed a two-headed ogre
 12861 | D:10     | Killed a two-headed ogre
 12951 | D:10     | Noticed a tengu warrior
 12967 | D:10     | Killed a tengu warrior
 12968 | D:10     | Reached skill level 14 in Spellcasting
 12968 | D:10     | Reached XP level 11. HP: 31/57 MP: 1/31
 13041 | D:10     | Noticed a two-headed ogre
 13199 | D:10     | Killed a two-headed ogre
 13372 | D:10     | Noticed a catoblepas
 13424 | D:10     | Found Kogafeg's Distillery.
 13427 | D:10     | Bought 2 potions of heal wounds for 140 gold pieces
 13427 | D:10     | Bought a potion of curing for 42 gold pieces
 13427 | D:10     | Bought a potion of curing for 42 gold pieces
 13488 | D:10     | Noticed Psyche
 13494 | D:10     | Killed Psyche
 13854 | D:10     | Noticed a centaur warrior
 13906 | D:10     | Learned a level 4 spell: Leda's Liquefaction
 14253 | D:11     | HP: 2/57 [centaur warrior zombie (9)]
 14253 | D:11     | Slain by a centaur warrior zombie

Illustrated notes

Levels and vault maps discovered:
D:1:      nicolae_arrival_somewhat_less_tricky_arrival, layout_loops_ring,
          basic_ecumenical_altar, minmay_box_of_dots
D:2:      layout_basic, uniq_robin, uniq_jessica, uniq_terence
D:3:      layout_loops_cross, uniq_natasha, uniq_crazy_yiuf_cottage
D:4:      layout_loops_corners, serial_shops, kennysheep_mini_moat
D:5:      layout_gridville
D:6:      layout_cave_pools, minmay_temple_entry_drinking_statues, serial_shops,
          nicolae_shop_competitors_out_of_business, kennysheep_dice
D:7:      lemuel_ice_spiral_2, layout_basic, makhleb_altar_promises_db,
          uniq_menkaure
D:8:      layout_basic, uniq_prince_ribbit1, uniq_maggie
D:9:      layout_stronghold, hex_medium, minivault_10, uniq_joseph
D:10:     minmay_the_grid_four_pointed_star_mashed
          [minmay_the_grid_triangle_9x9_corruption,
          minmay_the_grid_triangle_9x9_checkered,
          minmay_the_grid_triangle_9x9_impossible_snake,
          minmay_the_grid_triangle_9x9_corrupted_corridor,
          minmay_the_grid_prize_big_room], layout_loops_cross, serial_shops,
          nicolae_shop_trees, minmay_curled_crystal,
          nicolae_concentric_dashed_squares_wild, minivault_22, uniq_psyche
D:11:     layout_rooms, lair_entry_dummy, serial_undead, serial_undead_f,
          serial_undead_c, serial_undead_b, serial_undead_f,
          hangedman_decor_slide_cut
Temple:   roderic_octagonal_lattice_temple

Skill      XL: |  1  2  3  4  5  6  7  8  9 10 11 |
---------------+----------------------------------+-----
Dodging        | 3 4 |  4.7
Earth Magic    | 4 5 6 8 9 11 | 11.5
Spellcasting   | 4 5 6 7 8 10 12 14 | 14.3
Stealth        | 3 4 |  4.2
Fighting       | 1 2 |  2.0
Short Blades   | 1 |  1.1
Conjurations   | 2 4 5 |  5.7
Evocations     | 1 2 |  2.3
Throwing       | 1 3 |  3.7
Armour         | 1 2 |  2.1
Transmutations | 2 3 |  3.1

Action                   |  1- 3 |  4- 6 |  7- 9 | 10-12 || total
-------------------------+-------+-------+-------+-------++-------
Melee: Dagger            |     4 |     9 |       |       ||    13
       Unarmed           |     1 |       |       |       ||     1
       Falchion          |       |       |       |     2 ||     2
Throw: Stone             |     2 |     1 |     3 |     2 ||     8
       Dart              |       |     4 |     8 |     9 ||    21
       Javelin           |       |       |     6 |    14 ||    20
 Cast: Sandblast         |    47 |    80 |    49 |    50 ||   226
       Stone Arrow       |     1 |     3 |    73 |    59 ||   136
       Passwall          |       |       |     1 |     2 ||     3
       Petrify           |       |       |       |    16 ||    16
Evoke: Wand              |       |       |    10 |     9 ||    19
  Use: Potion            |       |     2 |     1 |     8 ||    11
       Scroll            |       |     1 |     6 |     3 ||    10
 Stab: Sleeping          |     2 |       |       |       ||     2
Armor: Leather armour    |     2 |       |       |       ||     2
       Robe              |       |     6 |     3 |       ||     9
       Acid dragon scale |       |       |     4 |    28 ||    32
Dodge: Dodged            |    13 |    25 |    53 |    64 ||   155
       Repelled          |       |       |     2 |     1 ||     3
